 Dungeon Crawl Stone Soup version 0.26-a0-1213-gd52f5182fe (webtiles) character file.

Game seed: 16804457469678450905

76 Dirian the Covered (level 4, -6/40 HPs)
             Began as a Minotaur Fighter on Dec 30, 2020.
             Killed from afar by an orc wizard (8 damage)
             ... with a puff of flame
             ... on level 3 of the Dungeon.
             The game lasted 00:02:12 (1223 turns).

Dirian the Covered (Minotaur Fighter)               Turns: 1223, Time: 00:02:12

Health: -6/40      AC:  7    Str: 22    XL:     4   Next: 12%
Magic:  3/3        EV:  7    Int:  5    God:
Gold:   169        SH:  0    Dex:  9    Spells: 3/3 levels left

rFire    . . .     SeeInvis .   a - +0 war axe
rCold    . . .     Faith    .   c - +0 kite shield
rNeg     . . .     Spirit   .   b - +0 scale mail
rPois    .         Reflect  .   (helmet restricted)
rElec    .         Harm     .   (no cloak)
rCorr    .         Rampage  .   (no gloves)
Will     .....                  (no boots)
Stlth    ..........             (no amulet)
HPRegen  0.13/turn              (no ring)
MPRegen  0.08/turn              (no ring)

@: confused
A: retaliatory headbutt, horns 2
a: no special abilities


You were on level 3 of the Dungeon.
You visited 1 branch of the dungeon, and saw 3 of its levels.

You collected 169 gold pieces.

Inventory:

Hand Weapons
 a - a +0 war axe (weapon)
 p - a +0 hand axe
Armour
 b - a +0 scale mail (worn)
 c - a +0 kite shield (worn)
 e - a +0 chain mail
 j - a +0 plate armour
Scrolls
 g - a scroll of identify {unknown}
 h - 2 scrolls of remove curse {unknown}
 k - a scroll of random uselessness {unknown}
 m - 3 scrolls of fog {unknown}
 n - 2 scrolls of magic mapping {unknown}
 o - a scroll of amnesia {unknown}
Potions
 d - a potion of might
 f - 2 potions of haste {unknown}
 i - a potion of mutation {unknown}
 l - a potion of lignification {unknown}


   Skills:
 + Level 4.1 Fighting
 + Level 3.7 Axes
 + Level 4.3 Armour
 + Level 4.2 Shields


You had 3 spell levels left.
You didn't know any spells.
Your spell library was empty.

Dungeon Overview and Level Annotations

Branches:
Dungeon (3/15)

Altars:
Vehumet


Innate Abilities, Weirdness & Mutations

You reflexively headbutt those who attack you in melee.
You have a pair of horns on your head.


Message History

* * * LOW HITPOINT WARNING * * *
You miss something. Something hits you but does no damage.
You miss something. You headbutt something.
Something hits you but does no damage. x2
You closely miss something. Your headbutt misses something.
You hear some strange, mumbled words.
You are confused.
An orc wizard appears from thin air!
Reactivating autopickup.
The orc wizard hits you but does no damage.
You see here an orc corpse.
You closely miss the orc wizard.
The orc wizard is moderately wounded.
The orc wizard hits you but does no damage.
The orc wizard points at you and mumbles some strange words.
You are more confused.
You're too confused to move!
The orc wizard points at you and mumbles some strange words.
The puff of flame hits you!
You die...

..........
..o.o.... #....## #
#...#.#####
##.........
##.##..###.
#######..# .#
##...#..†## #
#.......o@## #
#........)..##.####
#......†...........
#..........<###.##
##.........##
##...#...##
#########


You could see an orc wizard.

Vanquished Creatures
  An adder (D:2)
  2 oozes (D:2)
  A dart slug (D:1)
  A leopard gecko (D:2)
  3 orcs (D:3)
  A ball python (D:2)
  2 giant cockroaches
  3 goblins (D:1)
  6 hobgoblins
  8 jackals (D:1)
  A quokka (D:2)
  7 bats
  3 frilled lizards (D:2)
  5 kobolds
  5 rats
49 creatures vanquished.

Notes
Turn   | Place    | Note
-------+----------+-------------------------------------------
     0 | D:1      | Dirian the Minotaur Fighter began the quest for the Orb.
     0 | D:1      | Reached XP level 1. HP: 19/19 MP: 0/0
   153 | D:1      | Reached XP level 2. HP: 27/27 MP: 1/1
   288 | D:1      | Reached XP level 3. HP: 30/33 MP: 2/2
   676 | D:2      | Found a radiant altar of Vehumet.
  1002 | D:2      | Reached XP level 4. HP: 40/40 MP: 3/3
  1216 | D:3      | HP: 1/40 [something/magic dart (4)]
  1223 | D:3      | Killed from afar by an orc wizard

Illustrated notes

Levels and vault maps discovered:
D:1:      dpeg_arrival_yet_another_circle, layout_rooms
D:2:      layout_basic, lemuel_tele_altar
D:3:      layout_rooms, kennysheep_cross_room

Skill      XL: |  1  2 |
---------------+-------+-----
Shields        | 4 |  4.2
Fighting       | 4 |  4.1
Armour         | 4 |  4.3
Axes           | 3 |  3.7

Action                   |  1- 3 |  4- 6 || total
-------------------------+-------+-------++-------
Melee: War axe           |    86 |    27 ||   113
       Headbutt          |    14 |     2 ||    16
Armor: Scale mail        |    62 |    25 ||    87
Dodge: Dodged            |    39 |     8 ||    47
Block: Kite shield       |    57 |    10 ||    67

Table legend: (Time is in decaauts)
 A = Elapsed time spent in this place.
 B = Non-inter-level travel time spent in this place.
 C = Inter-level travel time spent in this place.
 D = Time resting spent in this place.
 E = Time spent auto-exploring this place.
 F = Levels seen in this place.
 G = Mean time per level.
                   A        B        C        D        E       F      G
               +--------+--------+--------+--------+--------+-----+--------+
         Total |   1270 |   1220 |     50 |      0 |    918 |   3 |  423.3 |
       Dungeon |   1270 |   1220 |     50 |      0 |    918 |   3 |  423.3 |
               +--------+--------+--------+--------+--------+-----+--------+

Top non-repeatable levels by time:
     D:2: 694 daAuts
     D:1: 514 daAuts
     D:3: 61 daAuts
